 Dungeon Crawl Stone Soup version 0.19-a0-994-g3c636f0 (webtiles) character file.

449 4thArraOfDagon the Poker (level 6, -1/76 HPs)
             Began as a Centaur Abyssal Knight on July 17, 2016.
             Was a Follower of Lugonu.
             Slain by a wyvern (8 damage)
             ... on level 10 of the Dungeon.
             The game lasted 00:08:43 (1505 turns).

4thArraOfDagon the Poker (Centaur Abyssal Knight)   Turns: 1505, Time: 00:08:44

Health: -1/76      AC: 23    Str: 15    XL:     6   Next: 74%
Magic:  9/9        EV:  1    Int: 13    God:    Lugonu [*.....]
Gold:   184        SH:  0    Dex:  7    Spells: 0 memorised, 5 levels left

rFire  . . .     SeeInvis .     a - +1 spear
rCold  . . .     Gourm    .     (armour currently unavailable)
rNeg   + + +     Faith    .     (no shield)
rPois  +         Spirit   .     (helmet currently unavailable)
rElec  .         Dismiss  .     (cloak currently unavailable)
rCorr  .         Reflect  .     (gloves currently unavailable)
SustAt .         Harm     .     (no barding)
MR     .....     NoTele   +     (no amulet)
Stlth  +.........               (no ring)
                                (no ring)

@: tree-form, not resistant to hostile enchantments, very unstealthy
A: (hooves 0), rough black scales 1, (deformed body), (speed 0), (tough skin 0)
a: Depart the Abyss, Renounce Religion


You were on level 10 of the Dungeon.
You worshipped Lugonu.
Lugonu was aware of your devotion.
You were very hungry.
You were a tree.
You visited 1 branch of the dungeon, and saw 10 of its levels.
You visited the Abyss 1 time.

You collected 184 gold pieces.

Inventory:

Hand Weapons
 a - a +1 spear (weapon)
Armour
 h - a +0 helmet (melded)
 m - a +0 scale mail (melded)
 n - a +0 pair of gloves (melded)
Wands
 e - a wand of random effects (14/48)
 j - a wand of teleportation (4/9)
Scrolls
 b - a scroll of recharging
 l - a scroll of fog
Potions
 f - a potion of resistance
Comestibles
 c - 2 bread rations
 d - a slice of pizza
 g - 3 meat rations


   Skills:
 - Level 3.0 Fighting
 * Level 5.6 Polearms
 - Level 1.3 Armour
 - Level 0.6 Dodging
 + Level 4.7 Invocations


You had 5 spell levels left.
You didn't know any spells.

Dungeon Overview and Level Annotations

Branches:
Dungeon (10/15)
 Temple: D:4-7         Lair: D:8-11         Orc: D:9-12

Altars:
Okawaru

Annotations:
D:4 Rationalist's ghost, amateur FoFi


Innate Abilities, Weirdness & Mutations

((You have hooves in place of feet.))
((Armour fits poorly on your strangely shaped body.))
((You cover ground very quickly.))
((You have extremely tough skin. (AC +3)))
(You are partially covered in rough black scales. (AC +4, Dex -1))


Message History

The wyvern is moderately wounded.
The wyvern bites you.
* * * LOW HITPOINT WARNING * * *
The wyvern bites you but does no damage.
The sky beast flickers out of sight!
You closely miss the wyvern.
The wyvern is moderately wounded.
The wyvern bites you!
* * * LOW HITPOINT WARNING * * *
You closely miss the wyvern.
The wyvern is moderately wounded.
The wyvern bites you!
* * * LOW HITPOINT WARNING * * *
You hit the wyvern.
The wyvern is heavily wounded.
The wyvern bites you but does no damage.
You closely miss the wyvern.
The wyvern is heavily wounded.
The wyvern bites you!
You die...

#.........##....##.##........
.#.........##....##.##........
...........##.....#.##........
..................#.##......>.
.........%........#...........
..............................
#............##.....<......<..
#..(.........##............†..
#............♣l......#......#+
..............##.....#......#.
.............##.....##...###'
............##.....##.......
..#........##.....##.......
#........##.....##.......
###......##.....##.......
#.......'......'.......
#......##....#.#.......


You could see a wyvern.

Vanquished Creatures
  A sky beast (D:7)
  2 giant frogs
  A scorpion (D:4)
  2 howler monkeys (D:9)
  A hound (D:6)
  A worker ant (D:9)
  2 adders
  A shadow imp (D:9)
  An ooze (D:3)
  5 giant geckos
  2 orcs
  2 quokkas
  A bat (D:2)
  A giant newt (D:2)
  A kobold (D:3)
  3 rats
27 creatures vanquished.

Notes
Turn   | Place    | Note
-------+----------+-------------------------------------------
     0 | Abyss:1  | 4thArraOfDagon the Centaur Abyssal Knight began the quest for the Orb.
     0 | Abyss:1  | Reached XP level 1. HP: 19/19 MP: 2/2
   127 | Abyss:3  | Noticed a shadow dragon
   162 | Abyss:3  | Noticed a neqoxec
   164 | Abyss:3  | Noticed a neqoxec
   188 | Abyss:3  | Noticed a thrashing horror
   190 | D:1      | Escaped the Abyss
   217 | D:2      | Reached skill level 2 in Polearms
   217 | D:2      | Reached XP level 2. HP: 26/26 MP: 3/3
   485 | D:4      | Noticed Rationalist's ghost (amateur FoFi)
   513 | D:4      | Noticed a scorpion
   556 | D:4      | Killed a scorpion
   556 | D:4      | Reached skill level 3 in Polearms
   556 | D:4      | Reached XP level 3. HP: 18/31 MP: 3/5
   556 | D:4      | Reached XP level 4. HP: 22/38 MP: 3/6
   575 | D:5      | Entered Level 5 of the Dungeon
   601 | D:5      | Noticed an ice beast
   653 | D:6      | Reached * piety under Lugonu
   661 | D:7      | Noticed a sky beast
   682 | D:7      | Noticed a giant frog
   705 | D:7      | Killed a giant frog
   705 | D:7      | Reached skill level 4 in Polearms
   705 | D:7      | Reached XP level 5. HP: 4/45 MP: 7/7
   834 | D:7      | Killed a sky beast
   841 | D:7      | Gained mutation: You are partially covered in rough black scales. (AC +4, Dex -1) [mutagenic meat]
   932 | D:7      | Noticed a hippogriff
   952 | D:7      | Noticed a warg
  1037 | D:9      | Found an iron altar of Okawaru.
  1066 | D:9      | Reached XP level 6. HP: 39/51 MP: 9/9
  1193 | D:9      | Reached skill level 5 in Polearms
  1219 | D:9      | Noticed a spriggan baker
  1337 | D:9      | Noticed a sky beast
  1397 | D:10     | Entered Level 10 of the Dungeon
  1400 | D:10     | Noticed a wyvern
  1494 | D:10     | hmm
  1505 | D:10     | Slain by a wyvern

Vault maps used:
D:1:      tarquinn_simple_flora_water_e, minmay_vboxes
D:2:      uniq_natasha
D:3:      old_standard_altar, ecumenical_altar_2, uniq_robin
D:4:      kiku_gazebo_pond_becter, tso_altar, first_bread
D:5:      minitemple, led_xom_imps
D:6:      nicolae_overflow_crystal_walls, minivault_1
D:7:      serial_shops, nicolae_shop_stone
D:8:      minmay_lair_entry_lava, serial_park, serial_park_square3,
          serial_park_avenue1
D:9:      okawaru_metal_pillars_1_2, the_bakery

Skill      XL: |  1  2  3  4  5  6 |
---------------+-------------------+-----
Polearms       | 2 3 4 5 |  5.6
Invocations    | 3 4 |  4.7
Fighting       | |  3.0
Armour         | |  1.3
Dodging        | |  0.6

Action                   |  1- 3 |  4- 6 || total
-------------------------+-------+-------++-------
Melee: Spear             |    34 |   158 ||   192
       Kick              |     4 |    10 ||    14
Invok: Depart the Abyss  |     1 |       ||     1
Evoke: Wand              |     1 |    17 ||    18
  Use: Scroll            |     4 |     4 ||     8
       Potion            |       |     4 ||     4
  Eat: Chunk             |       |     1 ||     1
Armor: Leather armour    |     3 |       ||     3
       Scale mail        |     1 |    62 ||    63
       Skin              |       |     6 ||     6
Dodge: Dodged            |     5 |    37 ||    42
